 Dungeon Crawl Stone Soup version 0.22.1-1-ga44c0e56f4 (webtiles) character file.

1453 Ivernyr the Ogre Mage (level 8, 0/83 HPs)
             Began as an Ogre Wizard on Oct 12, 2018.
             Was an Initiate of Ashenzari.
             Killed from afar by an electric eel (10 damage)
             ... with a bolt of electricity
             ... on level 6 of the Dungeon.
             The game lasted 00:40:22 (7599 turns).

Ivernyr the Ogre Mage (Ogre Wizard)                 Turns: 7599, Time: 00:40:23

Health: 0/83       AC:  5    Str: 17    XL:     8   Next: 75%
Magic:  20/20      EV: 10    Int: 21    God:    Ashenzari [......]
Gold:   226        SH:  0    Dex:  7    Spells: 14/23 levels left

rFire    . . .     SeeInvis .   p - +2 whip (elec)
rCold    . . .     Gourm    .   (no shield)
rNeg     . . .     Faith    .   a - +2 robe of the Eleven Mice {Str+5} (curse)
rPois    .         Spirit   .   b - +0 hat
rElec    .         Reflect  .   (no cloak)
rCorr    .         Harm     .   (gloves unavailable)
MR       .....                  (boots unavailable)
Stlth    +.........             (no amulet)
HPRegen  0.23/turn              (no ring)
MPRegen  0.17/turn              (no ring)

@: no status effects
A: large, unfitting armour, tough skin 1
a: Curse Item, Renounce Religion


You were on level 6 of the Dungeon.
You worshipped Ashenzari.
Ashenzari was noncommittal.
You were not hungry.

You visited 1 branch of the dungeon, and saw 6 of its levels.

You collected 226 gold pieces.

Inventory:

Hand Weapons
 p - a +2 whip of electrocution (weapon)
 s - a +0 trident
Armour
 a - the cursed +2 robe of the Eleven Mice (worn) {Str+5}
   (You found it on level 5 of the Dungeon)

   It affects your strength (+5).
   It has a curse placed upon it.
 b - a +0 hat (worn)
Wands
 q - a wand of paralysis (17)
 x - a wand of polymorph (14)
Scrolls
 e - 3 scrolls of magic mapping {unknown}
 f - 3 scrolls of teleportation {unknown}
 h - 3 scrolls of identify {unknown}
 i - 3 scrolls of remove curse
 l - a scroll of blinking {unknown}
 m - a scroll of enchant armour {unknown}
 o - a scroll of fear {unknown}
 r - a scroll of random uselessness {unknown}
 w - a scroll of amnesia {unknown}
Potions
 c - 2 potions of magic {unknown}
 g - a potion of curing
 j - 2 potions of brilliance {unknown}
 k - 2 potions of lignification {unknown}
 n - 5 potions of heal wounds {unknown}
 t - 3 potions of berserk rage {unknown}
 u - a potion of mutation {unknown}
 z - a potion of flight {unknown}
Comestibles
 d - 12 rations


   Skills:
 + Level 5.8 Fighting
 - Level 1.7 Dodging
 - Level 1.4 Stealth
 * Level 8.3 Spellcasting
 * Level 6.0 Conjurations
   Level 0.8 Summonings
 - Level 0.8 Translocations


You had 14 spell levels left.
You knew the following spells:

 Your Spells              Type           Power        Failure   Level  Hunger
a - Magic Dart            Conj           ####         1%          1    None
b - Blink                 Tloc           N/A          9%          2    None
c - Conjure Flame         Conj/Fire      ###.....     7%          3    None
d - Mephitic Cloud        Conj/Pois/Air  ###.....     10%         3    None

Your spell library contained the following spells:

 Spells                   Type           Power        Failure   Level  Hunger
 Apportation              Tloc           ##....       5%          1    None
 Summon Small Mammal      Summ           ##..         5%          1    None
 Animate Skeleton         Necr           N/A          8%          1    None
 Confusing Touch          Hex            #.....       8%          1    None
 Call Imp                 Summ           ##......     9%          2    None
 Slow                     Hex            #.......     12%         2    None


Dungeon Overview and Level Annotations

Branches:
Dungeon (6/15)             Temple (0/1) D:4

Altars:
Ashenzari
Fedhas
Zin

Annotations:
D:2 exclusion: oklob plant


Innate Abilities, Weirdness & Mutations

You are too large for most types of armour.
You have tough skin. (AC +1)


Message History

The electric eel shoots out a bolt of lightning at you!
The bolt of electricity hits you!
An electric eel comes into view.
The electric eel shoots out a bolt of lightning at you!
The bolt of electricity hits you!
The electric eel shoots out a bolt of lightning at you!
The bolt of electricity hits the plant. x2; The bolt of electricity hits you!
The electric eel shoots out a bolt of lightning at you!
The bolt of electricity hits you!
The bolt of electricity hits the plant.
The electric eel shoots out a bolt of lightning at you!
The bolt of electricity hits the plant. x2; The bolt of electricity hits you!
* * * LOW HITPOINT WARNING * * *
The electric eel shoots out a bolt of lightning at you!
The bolt of electricity hits the plant.
The bolt of electricity hits you!
* * * LOW HITPOINT WARNING * * *
The bolt of electricity hits the plant. x2
The electric eel shoots out a bolt of lightning at you!
The bolt of electricity hits the plant.
The plant appears unharmed.
The bolt of electricity hits the plant.
The bolt of electricity hits you!
You die...

#.# #.#### #....#
#.#######....######
#.....<..≈P.♣......
########≈P≈.≈P.....
#≈≈≈≈.≈≈♣####
#≈P≈≈.P≈≈≈#
#≈≈≈≈@P≈P♣#
#≈≈≈≈.≈≈≈≈#
#≈≈≈≈.≈≈≈♣#
##≈♣P.PP≈≈#
#♣♣P.≈≈P## ♣;.P≈≈#
♣≈.P≈≈# ≈≈.;≈≈♣
♣≈≈.≈≈≈♣


You could see 2 electric eels.

Vanquished Creatures
  Sigmund (D:3)
  Edmund (D:4)
  Purgy (D:3)
  2 phantoms
  An ogre (D:5)
  Blork the orc (D:4)
  A crimson imp (D:5)
  A centaur skeleton (D:4)
  3 orc priests
  A hound (D:4)
  A bullfrog skeleton (D:4)
  Ijyb (D:4)
  An iguana (D:4)
  5 worker ants
  3 orc wizards
  A howler monkey zombie (D:5)
  Robin (D:2)
  5 gnolls
  11 adders
  A shadow imp (D:6)
  3 worms
  3 dart slugs
  3 leopard geckos
  20 orcs
  7 giant cockroaches
  11 goblins
  8 hobgoblins
  5 jackals (D:2)
  8 kobolds
  2 ball pythons
  A ball python skeleton (D:4)
  13 bats
  5 frilled lizards
  A leopard gecko zombie (D:5)
  2 rats
135 creatures vanquished.

Notes
Turn   | Place    | Note
-------+----------+-------------------------------------------
     0 | D:1      | Ivernyr the Ogre Wizard began the quest for the Orb.
     0 | D:1      | Reached XP level 1. HP: 16/16 MP: 5/5
    37 | D:1      | Reached skill level 1 in Conjurations
   157 | D:1      | Reached XP level 2. HP: 21/26 MP: 0/6
   230 | D:1      | Learned a level 2 spell: Blink
   369 | D:1      | Reached skill level 1 in Fighting
   380 | D:1      | Reached skill level 4 in Spellcasting
   646 | D:1      | Reached XP level 3. HP: 5/33 MP: 0/8
   967 | D:1      | Learned a level 3 spell: Conjure Flame
   971 | D:1      | Learned a level 3 spell: Mephitic Cloud
  2513 | D:2      | Reached XP level 4. HP: 42/42 MP: 6/10
  2588 | D:2      | Found a blossoming altar of Fedhas.
  2601 | D:2      | Noticed an oklob plant
  2870 | D:3      | Noticed Robin
  3204 | D:2      | Killed Robin
  3325 | D:3      | Reached XP level 5. HP: 46/50 MP: 6/12
  3330 | D:3      | Reached skill level 5 in Spellcasting
  3442 | D:3      | Found a shattered altar of Ashenzari.
  3457 | D:3      | Noticed Sigmund
  3477 | D:3      | Killed Sigmund
  3477 | D:3      | Reached XP level 6. HP: 57/61 MP: 7/14
  4100 | D:3      | Found a glowing silver altar of Zin.
  4221 | D:3      | Reached skill level 6 in Spellcasting
  4528 | D:3      | Noticed Purgy
  4564 | D:3      | Killed Purgy
  4564 | D:3      | Reached XP level 7. HP: 53/68 MP: 7/16
  4930 | D:3      | Became a worshipper of Ashenzari the Shackled
  5491 | D:4      | Noticed Blork the orc
  5504 | D:4      | Killed Blork the orc
  5507 | D:4      | Noticed Edmund
  5523 | D:4      | Killed Edmund
  5629 | D:4      | Reached skill level 7 in Spellcasting
  5778 | D:4      | Reached XP level 8. HP: 78/79 MP: 18/18
  5895 | D:4      | Found a staircase to the Ecumenical Temple.
  5923 | D:4      | Reached skill level 5 in Conjurations
  6157 | D:4      | Noticed Ijyb
  6170 | D:4      | Reached skill level 5 in Fighting
  6179 | D:4      | Killed Ijyb
  6361 | D:5      | Entered Level 5 of the Dungeon
  7014 | D:5      | Reached skill level 8 in Spellcasting
  7298 | D:5      | Got the uncursed robe of the Eleven Mice {Str+5}
  7304 | D:5      | Identified the +2 robe of the Eleven Mice {Str+5} (You
                  | found it on level 5 of the Dungeon)
  7599 | D:6      | Killed from afar by an electric eel

Skill      XL: |  1  2  3  4  5  6  7  8 |
---------------+-------------------------+-----
Conjurations   | 1 2 3 4 6 |  6.0
Fighting       | 1 2 3 4 5 |  5.8
Spellcasting   | 4 5 6 7 8 |  8.3
Dodging        | |  1.7
Stealth        | |  1.4
Summonings     | |  0.8
Translocations | |  0.8

Action                   |  1- 3 |  4- 6 |  7- 9 || total
-------------------------+-------+-------+-------++-------
Melee: Unarmed           |    90 |       |       ||    90
       Whip              |    11 |    90 |   110 ||   211
       Trident           |       |     3 |       ||     3
 Cast: Magic Dart        |    96 |    76 |    70 ||   242
       Mephitic Cloud    |       |     5 |    10 ||    15
       Blink             |       |     4 |       ||     4
       Conjure Flame     |       |     2 |     4 ||     6
Invok: Curse Item        |       |       |     1 ||     1
 Stab: Confused          |       |     3 |     3 ||     6
       Sleeping          |       |     1 |     1 ||     2
  Eat: Chunk             |     5 |     6 |    10 ||    21
Armor: Robe              |    45 |    37 |    13 ||    95
Dodge: Dodged            |    56 |    62 |    51 ||   169
